 Dungeon Crawl Stone Soup version 0.30.0-11-gf55b779eaf (webtiles) character file.

Game seed: 16721993603258329599

1599 Jackthecabe the Trooper (level 9, -2/68 HPs)
             Began as a Djinni Fire Elementalist on May 17, 2023.
             Was an Initiate of Makhleb.
             Slain by a wyvern (13 damage)
             ... on level 5 of the Dungeon.
             The game lasted 00:09:37 (5262 turns).

Jackthecabe the Trooper (Djinni Fire Elementalist)  Turns: 5262, Time: 00:09:39

Health: -2/68      AC:  4    Str:  7    XL:     9   Next: 15%
Gold:   288        EV: 12    Int: 21    God:    Makhleb [......] SH:  0 Dex: 20

rFire   + + .        i - +3 dagger (venom)
rCold   x . .        (no shield)
rNeg    . . .        b - +0 leather armour
rPois   ∞            (no helmet)
rElec   .            (no cloak)
rCorr   .            e - +0 pair of gloves
SInv    .            (boots unavailable)
Will    .....        (no amulet)
Stlth   ++           D - +6 ring of dexterity
HPRegen 0.31/turn    (no ring)
MPRegen 0.00/turn

%: infuse magic (-3 HP)
@: flying
A: sickness immunity, fire resistance 2, cold vulnerability 1, float, innate
caster, HP casting, extra vitality 1
a: Renounce Religion


You were on level 5 of the Dungeon.
You worshipped Makhleb.
Makhleb was noncommittal.
You visited 1 branch of the dungeon, and saw 6 of its levels.

You collected 288 gold pieces.


Innate Abilities, Weirdness & Mutations

You are immune to sickness and miasma.
You are immune to poison.
Your flesh is very heat resistant. (rF++)
You are vulnerable to cold. (rC-)
You float through the air rather than walking.
You learn spells naturally, not from books.
Your magical power is your life essence.
You have superior vitality. (+4 MHP)


   Skills:
 + Level 7.6 Fighting
 - Level 2.1 Dodging
 - Level 1.5 Stealth
 + Level 6.4 Spellcasting


You knew the following spells:

 Your Spells              Type           Power      Damage    Failure   Level
a - Momentum Strike       Conj/Tloc      66%        3d9       1%          2
d - Dazzling Flash        Conj/Hex       66%        N/A       3%          3
f - Foxfire               Conj/Fire      100%       2x1d9     1%          1
p - Poisonous Vapours     Pois/Air       66%        N/A       1%          2
r - Inner Flame           Hex/Fire       33%        N/A       3%          3
z - Summon Small Mammal   Summ           100%       N/A       1%          1
X - Scorch                Fire           66%        2d8       1%          2
Y - Volatile Blastmotes   Fire/Tloc      66%        2d15      3%          3
Z - Flame Wave            Conj/Fire      33%        2d10      10%         4
Your spell library was empty.

Inventory:

Hand Weapons
 i - a +3 dagger of venom (weapon)
Armour
 a - a +0 robe
 b - a +0 leather armour (worn)
 e - a +0 pair of gloves (worn)
Jewellery
 D - a +6 ring of dexterity (left hand)
Wands
 q - a wand of flame (5)
Scrolls
 c - a scroll of fog
 g - a scroll of enchant weapon
 k - a scroll of enchant armour
 l - a scroll of brand weapon
 m - a scroll of blinking
 n - a scroll of vulnerability {unknown}
 o - a scroll of teleportation {@r2}
 s - a scroll of fear {unknown}
Potions
 d - 3 potions of flight
 f - 5 potions of curing {@q1}
 h - a potion of haste {unknown}
 j - a potion of magic {unknown}
 p - a potion of invisibility {unknown}
 r - 2 potions of heal wounds {unknown}

Dungeon Overview and Level Annotations

Branches:
Dungeon (6/15)             Temple (0/1) D:5

Altars:
Cheibriados
Dithmenos
Makhleb
Nemelex Xobeh
Uskayaw

Shops:
D:3

( ##.###.# #..▒▒.....▒#..
#.###.###..▒▒▒..▒▒▒...
#####.##...##..▒8....▒▒#..
#...........#..▒▒▒..▒▒▒..#
#.........>[...▒⚑....▒▒###
#..[........##.▒▒▒..▒▒ #. ######
##.##.##.).###.▒.....▒ #. .....#
#.##.###l## ##▒▒▒..▒▒▒ #. .....#
#.##.# #@# ▒⚑....⚑▒ #. .....#
#<##.###.#####▒▒8.▒▒▒▒##.
.....####[##...#......▒▒▒▒▒▒ ▒...
........[.####.####....#.#.####.#
.....#####.....# #.###.....###.#
.....# #.##### #.# #####..)...
z....# #.# #.# #..#### .....# #.#
#.# #..# # .#########.# #.# #..#


You could see a wyvern (extremely poisoned).


Message History

Confirm with . or Enter, or press ? or * to list all spells.
Aiming: Poisonous Vapours (safe; 1% risk of failure)
Press: ? - help, Dir - move target, f - wyvern
Aim: a wyvern Poisonous vapours surround the wyvern!
The wyvern is poisoned.
* * * LOW HITPOINT WARNING * * *
The wyvern bites you!
* * * LOW HITPOINT WARNING * * *
The wyvern bites you.
* * * LOW HITPOINT WARNING * * *
The kobold closely misses you. The kobold hits you but does no damage.
The wyvern bites you.
* * * LOW HITPOINT WARNING * * *
The kobold hits you but does no damage. The wyvern barely misses you.
Okay, then.
You hit the wyvern but do no damage.
The wyvern looks as sick as possible!
The wyvern is moderately wounded.
The wyvern bites you.
* * * LOW HITPOINT WARNING * * *
Unknown command.
Casting: Poisonous Vapours (safe; 1% risk of failure)
Confirm with . or Enter, or press ? or * to list all spells.
Flames lash the kobold.
You kill the kobold!
Makhleb accepts your kill.
* * * LOW HITPOINT WARNING * * *
The wyvern barely misses you. The wyvern bites you!
You die...

Skill      XL: |  1  2  3  4  5  6  7  8 |
---------------+-------------------------+-----
Fighting       | 1 2 3 4 5 7 |  7.6
Spellcasting   | 3 4 5 6 |  6.4
Dodging        | |  2.1
Stealth        | |  1.5

Action                     |  1- 3 |  4- 6 |  7- 9 || total
---------------------------+-------+-------+-------++-------
  Melee: Dagger            |       |    10 |     9 ||    19
   Cast: Foxfire           |    41 |    48 |    50 ||   139
         Scorch            |    11 |    17 |    52 ||    80
         Momentum Strike   |       |       |     1 ||     1
         Poisonous Vapours |       |       |     6 ||     6
  Evoke: Wand              |       |    12 |     1 ||    13
    Use: Scroll            |       |     3 |     5 ||     8
 Armour: Leather armour    |     2 |     3 |    13 ||    18
  Dodge: Dodged            |     4 |    12 |    26 ||    42

Levels and vault maps discovered:
D:1:      doesnt_arrival_eight_statues, layout_basic
D:2:      layout_basic, grunt_decor_junction, uniq_terence
D:3:      layout_basic, lemuel_doored_altar, serial_shops, shop,
          dreamdust_ecumenical_altar_grove, chequers_serial_rivers_large_a,
          grunt_ministairs_14
D:4:      gammafunk_wand_slinger, layout_cave_pods,
          nemelex_xobeh_ov_fountains_minmay
D:5:      layout_loops_ring, minitemple, temple_fountains,
          kennysheep_minor_cross
D:6:      layout_rooms, mainiacjoe_overflow_alcove_4, kennysheep_mini_moat,
          minmay_manual_mess

Notes
Turn   | Place    | Note
-------+----------+-------------------------------------------
     0 | D:1      | Jackthecabe the Djinni Fire Elementalist began the quest
                  | for the Orb.
     0 | D:1      | Jackthecabe set off with the following spells memorised:
                  | Foxfire, Scorch, Volatile Blastmotes, Inner Flame, Flame
                  | Wave.
     0 | D:1      | Reached XP level 1. HP: 15/15 MP: 0/0
   741 | D:2      | Reached XP level 2. HP: 17/22 MP: 0/0
   746 | D:2      | Reached skill level 1 in Fighting
   911 | D:2      | Reached XP level 3. HP: 21/28 MP: 0/0
   911 | D:2      | Learned a level 1 spell: Summon Small Mammal
  1063 | D:2      | Reached skill level 2 in Fighting
  1063 | D:2      | Reached skill level 3 in Spellcasting
  1195 | D:2      | Reached XP level 4. HP: 32/33 MP: 0/0
  1266 | D:2      | Noticed Terence
  1274 | D:2      | Killed Terence
  1811 | D:3      | Found a snail-covered altar of Cheibriados.
  1877 | D:3      | Reached XP level 5. HP: 39/40 MP: 0/0
  1877 | D:3      | Learned a level 2 spell: Poisonous Vapours
  1938 | D:3      | Found a faded altar of an unknown god.
  1997 | D:3      | Found Futifem's Antique Weapon Emporium.
  2126 | D:3      | Reached skill level 3 in Fighting
  2440 | D:4      | Noticed an ogre
  2447 | D:4      | Killed an ogre
  2448 | D:4      | Reached XP level 6. HP: 40/46 MP: 0/0
  2487 | D:4      | Found a sparkling altar of Nemelex Xobeh.
  2618 | D:4      | Noticed an ogre
  2630 | D:4      | Killed an ogre
  2631 | D:4      | Reached skill level 4 in Fighting
  2631 | D:4      | Reached skill level 4 in Spellcasting
  2685 | D:4      | Found a transporter.
  2713 | D:4      | Found a transporter.
  2773 | D:4      | Reached XP level 7. HP: 51/53 MP: 0/0
  2773 | D:4      | Learned a level 2 spell: Momentum Strike
  3287 | D:5      | Entered Level 5 of the Dungeon
  3303 | D:4      | Reached skill level 5 in Fighting
  3793 | D:5      | Reached skill level 5 in Spellcasting
  3825 | D:4      | Reached XP level 8. HP: 48/61 MP: 0/0
  3916 | D:5      | Found a hide-covered altar of Uskayaw.
  3919 | D:5      | Found a shadowy altar of Dithmenos.
  3920 | D:5      | Found a burning altar of Makhleb.
  3923 | D:5      | Became a worshipper of Makhleb the Destroyer
  4201 | D:5      | Reached skill level 6 in Fighting
  4247 | D:5      | Found a staircase to the Ecumenical Temple.
  4457 | D:5      | Reached skill level 7 in Fighting
  4457 | D:5      | Reached skill level 6 in Spellcasting
  4895 | D:6      | Reached XP level 9. HP: 63/68 MP: 0/0
  4895 | D:6      | Learned a level 3 spell: Dazzling Flash
  5262 | D:5      | Slain by a wyvern

Vanquished Creatures
  A water moccasin (D:5)
  2 ice beasts (D:5)
  3 ogres
  2 phantoms
  A centaur (D:5)
  A bullfrog (D:6)
  A scorpion (D:6)
  4 wights
  4 orc priests
  3 hounds
  A sleepcap (D:5)
  Terence (D:2)
  2 iguanas
  An orc wizard (D:5)
  7 adders
  2 shadow imps (D:4)
  2 worms
  3 dart slugs
  12 orcs
  3 ball pythons
  8 endoplasms
  3 giant cockroaches
  5 goblins
  3 hobgoblins
  2 jackals (D:2)
  A quokka (D:3)
  7 bats
  2 frilled lizards (D:3)
  6 kobolds
  8 rats
101 creatures vanquished.

Vanquished Creatures (others)
  231 foxfires
231 creatures vanquished.

Grand Total: 332 creatures vanquished

Table legend: (Time is in decaauts)
 A = Elapsed time spent in this place.
 B = Non-inter-level travel time spent in this place.
 C = Inter-level travel time spent in this place.
 D = Time resting spent in this place.
 E = Time spent auto-exploring this place.
 F = Levels seen in this place.
 G = Mean time per level.
                   A        B        C        D        E       F      G
               +--------+--------+--------+--------+--------+-----+--------+
         Total |   5264 |   4921 |    343 |    628 |   3536 |   6 |  877.3 |
       Dungeon |   5264 |   4921 |    343 |    628 |   3536 |   6 |  877.3 |
               +--------+--------+--------+--------+--------+-----+--------+

Top non-repeatable levels by time:
     D:5: 1404 daAuts
     D:4: 1371 daAuts
     D:2: 850 daAuts
     D:3: 817 daAuts
     D:1: 697 daAuts
     D:6: 123 daAuts

Table legend:
 A = Non-vault XP
 B = Vault XP
 C = Vault XP percentage of total XP
 D = Non-vault monster count
 E = Vault monster count
 F = Vault count percentage of total count
                 A         B        C        D         E       F
            +---------+---------+-------+---------+---------+-------
      Total |    1934 |     353 |  15.4 |      92 |       9 |   8.9
            +---------+---------+-------+---------+---------+-------
        D:1 |       7 |       0 |   0.0 |       6 |       0 |   0.0
        D:2 |      65 |      36 |  35.6 |      24 |       1 |   4.0
        D:3 |      48 |       6 |  11.1 |      20 |       2 |   9.1
        D:4 |     535 |     148 |  21.7 |      14 |       5 |  26.3
        D:5 |    1009 |     163 |  13.9 |      21 |       1 |   4.5
        D:6 |     270 |       0 |   0.0 |       7 |       0 |   0.0
            +---------+---------+-------+---------+---------+-------
